 Dungeon Crawl Stone Soup version 0.25.0-9-g26727b657a (webtiles) character file.

Game seed: 8986703503671596720

206 MisterFreud the Slasher (level 5, -3/48 HPs)
             Began as a Minotaur Gladiator on June 16, 2020.
             Slain by a human skeleton (4 damage)
             ... on level 4 of the Dungeon.
             The game lasted 00:03:06 (2601 turns).

MisterFreud the Slasher (Minotaur Gladiator)        Turns: 2601, Time: 00:03:07

Health: -3/48      AC:  3    Str: 20    XL:     5   Next: 53%
Magic:  4/4        EV: 13    Int:  5    God:
Gold:   167        SH:  0    Dex: 11    Spells: 4/4 levels left

rFire    . . .     SeeInvis .   a - +0 long sword
rCold    . . .     Gourm    .   (no shield)
rNeg     . . .     Faith    .   b - +0 leather armour
rPois    .         Spirit   .   c - +0 hat
rElec    .         Reflect  .   (no cloak)
rCorr    +         Harm     .   (no gloves)
MR       .....                  (no boots)
Stlth    ..........             (no amulet)
HPRegen  0.16/turn              n - ring of resist corrosion
MPRegen  0.09/turn              q - ring of attention (curse)

@: no status effects
A: retaliatory headbutt, horns 2
a: no special abilities


You were on level 4 of the Dungeon.
You were very hungry.

You visited 1 branch of the dungeon, and saw 4 of its levels.

You collected 167 gold pieces.

Inventory:

Hand Weapons
 a - a +0 long sword (weapon)
Missiles
 d - 3 throwing nets (quivered)
 y - 12 poisoned darts
Armour
 b - a +0 leather armour (worn)
 c - a +0 hat (worn)
Jewellery
 n - a ring of resist corrosion (left hand)
 q - a cursed ring of attention (right hand)
 u - a cursed -4 ring of dexterity {unknown}
 v - an uncursed ring of see invisible {unknown}
Scrolls
 e - a scroll of fear {unknown}
 g - 2 scrolls of identify {unknown}
 h - a scroll of magic mapping {unknown}
 i - 6 scrolls of teleportation {unknown}
 m - 4 scrolls of enchant armour {unknown}
 o - a scroll of fog {unknown}
 p - a scroll of enchant weapon {unknown}
 r - a scroll of amnesia {unknown}
 x - a scroll of remove curse {unknown}
Potions
 j - a potion of flight {unknown}
 k - 5 potions of curing {unknown}
 l - 2 potions of cancellation {unknown}
 s - a potion of resistance {unknown}
 w - a potion of heal wounds {unknown}
 z - a potion of brilliance {unknown}
Comestibles
 f - 7 rations


   Skills:
 - Level 5.0 Fighting
 - Level 6.0 Long Blades
 - Level 2.0 Throwing
 + Level 0.8 Armour
 + Level 3.4 Dodging


You had 4 spell levels left.
You didn't know any spells.
Your spell library was empty.

Dungeon Overview and Level Annotations

Branches:
Dungeon (4/15)
 Temple: D:4-7

Altars:
Nemelex Xobeh


Innate Abilities, Weirdness & Mutations

You reflexively headbutt those who attack you in melee.
You have a pair of horns on your head.


Message History

You kill the worm!
You open the door.
You hear the slow hiss of an avalanche of sand.
There is an open door here.
You open the door.
A human skeleton comes into view.
You hit the human skeleton. You headbutt the human skeleton.
The human skeleton is lightly damaged.
The human skeleton hits you.
* * * LOW HITPOINT WARNING * * *
You slash the human skeleton!
The human skeleton is moderately damaged.
The human skeleton hits you.
* * * LOW HITPOINT WARNING * * *
You hit the human skeleton.
The human skeleton is heavily damaged.
The human skeleton hits you.
* * * LOW HITPOINT WARNING * * *
The human skeleton hits you.
You die...

.#######.#####...####
..
.##.................#
...
###.####.#..##...##.#
.... ##.#
#.#..###.###.###....<
#.#.# #.#..# #[#
#......... ....#
#....# #.# #..#......
....#####..##
######.......#
...........#
#...'.#.....#
<...######.#
#+#@######...## ....#
#.# +...Z.# #.##
#.#.######.# #...###
.# .#.......[# +...+
# #########.# #+#+#
#.# ..# #.# ..#


You could see a human skeleton.

Vanquished Creatures
  An elf skeleton (D:4)
  An iguana (D:4)
  5 adders
  An ooze (D:3)
  2 worms
  4 dart slugs
  3 leopard geckos
  2 orcs (D:3)
  6 bats
  A giant cockroach (D:1)
  5 goblins
  7 hobgoblins
  2 jackals (D:1)
  A quokka (D:2)
  2 ball pythons
  2 frilled lizards
  7 kobolds
  6 rats
58 creatures vanquished.

Notes
Turn   | Place    | Note
-------+----------+-------------------------------------------
     0 | D:1      | MisterFreud the Minotaur Gladiator began the quest for the
                  | Orb.
     0 | D:1      | Reached XP level 1. HP: 18/18 MP: 0/0
   220 | D:1      | Reached XP level 2. HP: 26/26 MP: 1/1
   548 | D:1      | Reached XP level 3. HP: 34/34 MP: 2/2
  1179 | D:2      | Reached skill level 5 in Fighting
  1345 | D:2      | Reached skill level 4 in Long Blades
  1483 | D:2      | Reached XP level 4. HP: 42/42 MP: 3/3
  2209 | D:3      | Found a sparkling altar of Nemelex Xobeh.
  2272 | D:3      | Reached skill level 5 in Long Blades
  2571 | D:4      | Reached XP level 5. HP: 24/48 MP: 4/4
  2587 | D:4      | Reached skill level 6 in Long Blades
  2600 | D:4      | HP: 1/48 [human skeleton (5)]
  2601 | D:4      | Slain by a human skeleton

Illustrated notes

Levels and vault maps discovered:
D:1:      dpeg_arrival_erosion, layout_loops_corners
D:2:      layout_rooms
D:3:      layout_basic, nemelex_xobeh_ov_fountains_minmay
D:4:      layout_loops_ring, lemuel_zombie_altar_yredelemnul,
          nicolae_ossuary_entry_catacombs, nicolae_gozag_zags_fifth_avenue

Skill      XL: |  1  2  3  4  5 |
---------------+----------------+-----
Fighting       | 3 4 5 |  5.0
Long Blades    | 4 5 6 |  6.0
Throwing       | |  2.0
Armour         | |  0.8
Dodging        | |  3.4

Action                   |  1- 3 |  4- 6 || total
-------------------------+-------+-------++-------
Melee: Long sword        |    58 |    66 ||   124
       Headbutt          |    14 |    12 ||    26
 Stab: Sleeping          |     1 |       ||     1
  Eat: Chunk             |     2 |     2 ||     4
Armor: Leather armour    |    11 |    15 ||    26
Dodge: Dodged            |    35 |    25 ||    60
       Rpst.: Long sword |     7 |     7 ||    14
